 Dungeon Crawl Stone Soup version 0.26-a0-663-g36e8fdb655 (webtiles) character file.

Game seed: 5292114870392203068

137 Descartes the Covert (level 5, 0/24 HPs)
             Began as a Spriggan Enchanter on Oct 12, 2020.
             Slain by a worker ant (3 damage)
             ... on level 3 of the Dungeon.
             The game lasted 00:05:52 (4285 turns).

Descartes the Covert (Spriggan Enchanter)           Turns: 4285, Time: 00:05:53

Health: 0/24       AC:  2    Str:  5    XL:     5   Next: 0%
Magic:  10/10      EV: 18    Int: 16    God:
Gold:   118        SH:  0    Dex: 17    Spells: 8/9 levels left

rFire    . . .     SeeInvis +   k - +1 dagger (vamp)
rCold    . . .     Faith    .   (shield restricted)
rNeg     . . .     Spirit   .   b - +0 robe
rPois    .         Reflect  .   (helmet restricted)
rElec    .         Harm     .   (no cloak)
rCorr    .         Rampage  .   (gloves unavailable)
MR       .....                  (boots unavailable)
Stlth    ++++......             (no amulet)
HPRegen  0.08/turn              (no ring)
MPRegen  0.12/turn              (no ring)

@: very quick
A: very small, unfitting armour, see invisible, speed 3
a: no special abilities


You were on level 3 of the Dungeon.
You visited 1 branch of the dungeon, and saw 3 of its levels.

You collected 118 gold pieces.

Inventory:

Hand Weapons
 a - a +1 dagger
 k - a +1 vampiric dagger (weapon)
Missiles
 c - 55 stones (quivered)
 e - 71 arrows
 f - 6 atropa-tipped darts
 p - 10 poisoned darts
 q - 7 boomerangs
Armour
 b - a +0 robe (worn)
Jewellery
 h - a +6 ring of dexterity {unknown}
Wands
 v - a wand of random effects (25)
Scrolls
 d - a scroll of immolation {unknown}
 i - 2 scrolls of enchant armour {unknown}
 j - 6 scrolls of identify {unknown}
 o - 2 scrolls of magic mapping {unknown}
 r - a scroll of enchant weapon {unknown}
 s - a scroll of teleportation {unknown}
 t - 2 scrolls of remove curse {unknown}
 u - a scroll of blinking {unknown}
Potions
 g - a potion of heal wounds {unknown}
 l - a potion of curing {unknown}
 m - a potion of degeneration {unknown}
 n - a potion of might {unknown}


   Skills:
 - Level 1.1 Short Blades
 - Level 3.0 Dodging
 + Level 8.9 Stealth
 - Level 2.6 Spellcasting
 - Level 3.6 Hexes


You had 8 spell levels left.
You knew the following spells:

 Your Spells              Type           Power        Failure   Level
a - Corona                Hex            ##.....      4%          1

Your spell library contained the following spells:

 Spells                   Type           Power        Failure   Level
 Confusing Touch          Hex            ##......     13%         3
 Tukima's Dance           Hex            ##......     13%         3
 Ensorcelled Hibernation  Hex/Ice        #.....       14%         2
 Dazzling Flash           Conj/Hex       #.....       28%         3


Dungeon Overview and Level Annotations

Branches:
Dungeon (3/15)

Altars:


Innate Abilities, Weirdness & Mutations

You are very small and have problems with some larger weapons.
You are too small for most types of armour.
You have supernaturally acute eyesight. (SInv)
You cover ground extremely quickly.


Message History

The worker ant misses you.
You closely miss the worker ant.
The worker ant is lightly wounded.
The worker ant barely misses you. The worker ant misses you.
You hit the worker ant but do no damage.
The worker ant is lightly wounded.
The worker ant closely misses you.
You hit the worker ant but do no damage.
The worker ant is lightly wounded.
The worker ant bites you.
You are too injured to fight recklessly!
You are too injured to fight recklessly!
You closely miss the worker ant.
The worker ant is lightly wounded.
The worker ant bites you!
* * * LOW HITPOINT WARNING * * *
You hit the worker ant.
You feel better.
The worker ant is lightly wounded.
The worker ant bites you.
You die...

#.# ###.# #.#.# ###
#..#############
..###.........†...#
#.#.############.#
#.## #.# #.# #.#
#@# #.# #.B#
########.## ##.#
..........# ...
########..# ...
#... ###.# ##.# ##
#.# #.# ...


You could see a worker ant.

Vanquished Creatures
  A centaur (D:2)
  4 dart slugs
  2 worms (D:2)
  A leopard gecko (D:1)
  A ball python (D:1)
  4 giant cockroaches
  5 goblins
  4 hobgoblins
  2 quokkas (D:2)
  4 bats
  3 frilled lizards
  9 kobolds
  6 rats
46 creatures vanquished.

Notes
Turn   | Place    | Note
-------+----------+-------------------------------------------
     0 | D:1      | Descartes the Spriggan Enchanter began the quest for the
                  | Orb.
     0 | D:1      | Reached XP level 1. HP: 9/9 MP: 5/5
   436 | D:1      | Reached skill level 5 in Stealth
   589 | D:1      | Reached XP level 2. HP: 10/13 MP: 6/6
  1450 | D:1      | Reached skill level 6 in Stealth
  2234 | D:1      | Reached XP level 3. HP: 16/16 MP: 8/8
  3505 | D:2      | Noticed a centaur
  3512 | D:2      | Killed a centaur
  3512 | D:2      | Reached skill level 8 in Stealth
  3512 | D:2      | Reached XP level 4. HP: 21/21 MP: 9/9
  4248 | D:3      | Reached XP level 5. HP: 23/24 MP: 10/10
  4285 | D:3      | Slain by a worker ant

Illustrated notes

Levels and vault maps discovered:
D:1:      lightli_arrival_isolated_outpost, layout_basic
D:2:      layout_basic, kennysheep_boxes
D:3:      layout_loops_ring, chequers_ecumenical_altar_simple,
          portal_sewer_entry_a, uniq_natasha, uniq_terence, uniq_jessica

Skill      XL: |  1  2  3 |
---------------+----------+-----
Stealth        | 5 6 8 |  8.9
Short Blades   | |  1.1
Dodging        | |  3.0
Spellcasting   | |  2.6
Hexes          | |  3.6

Action                   |  1- 3 |  4- 6 || total
-------------------------+-------+-------++-------
Melee: Dagger            |   213 |    70 ||   283
 Stab: Sleeping          |     7 |     3 ||    10
       Distracted        |     1 |     1 ||     2
Armor: Robe              |    15 |     5 ||    20
Dodge: Dodged            |   128 |    47 ||   175

Table legend: (Time is in decaauts)
 A = Elapsed time spent in this place.
 B = Non-inter-level travel time spent in this place.
 C = Inter-level travel time spent in this place.
 D = Time resting spent in this place.
 E = Time spent auto-exploring this place.
 F = Levels seen in this place.
 G = Mean time per level.
                   A        B        C        D        E       F      G
               +--------+--------+--------+--------+--------+-----+--------+
         Total |   3539 |   3427 |    112 |    527 |   2286 |   3 | 1179.7 |
       Dungeon |   3539 |   3427 |    112 |    527 |   2286 |   3 | 1179.7 |
               +--------+--------+--------+--------+--------+-----+--------+

Top non-repeatable levels by time:
     D:1: 2646 daAuts
     D:2: 784 daAuts
     D:3: 109 daAuts
